MID
QUAD CITIES RIVER BANDITS @ CLINTON LUMBERKINGS
08/29/2098
 
TOP OF THE 1ST
Quad Cities River Bandits batting - Pitching for Clinton LumberKings : RHP Brent Hitchcock
Pitching: RHP Brent Hitchcock
Batting: RHB Danny Malave 0-0: Called Strike
0-1: Fly out, F8 (Line Drive, 8LM, EV 93.8 MPH)
Batting: RHB Alex Romero 0-0: Ball
1-0: SINGLE (Line Drive, 56D, EV 94.4 MPH)
Batting: RHB Matt Widman 0-0: Swinging Strike
0-1: Fly out, F8 (Flyball, 8LD, EV 95.6 MPH)
Batting: RHB James Woodard 0-0: Fielders Choice at 2nd, 5-4 (Groundball, 56, EV 91.3 MPH)
Top of the 1st over - 0 runs, 1 hit, 0 errors, 1 left on base; Quad Cities 0 - Clinton 0
BOTTOM OF THE 1ST
Clinton LumberKings batting - Pitching for Quad Cities River Bandits : RHP Aidan Jennings
Pitching: RHP Aidan Jennings
Batting: LHB Carlos Rivera 0-0: Ball
1-0: Foul Ball, location: 9LMF
1-1: Called Strike
1-2: SINGLE (Flyball, 4D, EV 95.0 MPH)
Batting: LHB Tommy Dwyer 0-0: Ball
Wild Pitch!
Carlos Rivera to second
1-0: Ball
2-0: Ball
3-0: Called Strike
3-1: Fly out, F9 (Flyball, 89M, EV 87.5 MPH)
Batting: RHB John Ramirez 0-0: SINGLE (Groundball, 4MD, EV 98.1 MPH)
Carlos Rivera to third
Batting: LHB Phil Campbell 0-0: Foul Ball, location: 7LMF
0-1: Ball
1-1: Fly out, F8 (Flyball, 8LXD, EV 105.0 MPH)
Runner from 3rd tags up, SCORES, no throw by CF
Batting: RHB Justin Coppola 0-0: Ball
1-0: Ball
2-0: Called Strike
2-1: Ball
3-1: Base on Balls
John Ramirez to second
Batting: RHB Nate Taylor 0-0: Foul Ball, location: 5F
0-1: Ball
Wild Pitch!
John Ramirez to third
Justin Coppola to second
1-1: Fly out, F9 (Flyball, 9S, EV 90.6 MPH)
Bottom of the 1st over - 1 run, 2 hits, 0 errors, 2 left on base; Quad Cities 0 - Clinton 1
TOP OF THE 2ND
Quad Cities River Bandits batting - Pitching for Clinton LumberKings : RHP Brent Hitchcock
Batting: RHB Travis Goodman 0-0: Ball
1-0: Swinging Strike
1-1: Foul Ball, location: 25F
1-2: Foul Ball, location: 2F
1-2: Ball
2-2: Strikes out swinging
Batting: LHB Sam Latsch 0-0: Ball
1-0: Called Strike
1-1: Ball
2-1: Ball
3-1: Base on Balls
Batting: RHB Paolo Couvreur 0-0: TRIPLE (Line Drive, 89XD, EV 98.8 MPH)
Sam Latsch scores
Batting: RHB Sean Cynar 0-0: Ball
1-0: Called Strike
1-1: Foul Ball, location: 2F
1-2: Ball
2-2: Foul Ball, location: 3DF
2-2: Ball
3-2: Base on Balls
Batting: RHB Shawn Spence 0-0: Ball
1-0: SINGLE (Groundball, 4MD, EV 98.1 MPH)
Paolo Couvreur scores
Sean Cynar to second
Batting: RHB Danny Malave 0-0: SINGLE (Line Drive, 3D, EV 75.0 MPH)
Sean Cynar to third
Shawn Spence to second
Runner from 3rd tries for Home, SAFE, throw by RF to home
Batting: RHB Alex Romero 0-0: Called Strike
0-1: Grounds into double play, 6-4-3 (Groundball, 6, EV 86.9 MPH)
Top of the 2nd over - 3 runs, 3 hits, 0 errors, 1 left on base; Quad Cities 3 - Clinton 1
BOTTOM OF THE 2ND
Clinton LumberKings batting - Pitching for Quad Cities River Bandits : RHP Aidan Jennings
Batting: LHB Nate Sheehy 0-0: Ball
1-0: Called Strike
1-1: Swinging Strike
1-2: Ball
2-2: Ground out U3 (Groundball, 34S, EV 87.5 MPH)
Batting: RHB Ben Janis 0-0: Ball
1-0: Ground out 6-3 (Groundball, 6, EV 95.6 MPH)
Batting: SHB Braeden Wilson 0-0: Called Strike
0-1: Foul Ball, location: 2F
0-2: Strikes out swinging
Bottom of the 2nd over - 0 runs, 0 hits, 0 errors, 0 left on base; Quad Cities 3 - Clinton 1
TOP OF THE 3RD
Quad Cities River Bandits batting - Pitching for Clinton LumberKings : RHP Brent Hitchcock
Batting: RHB Matt Widman 0-0: Called Strike
0-1: SINGLE (Line Drive, 78S, EV 105.0 MPH)
Batting: RHB James Woodard 0-0: Ball
1-0: Ball
2-0: Ball
3-0: Called Strike
3-1: Base on Balls
Matt Widman to second
Batting: RHB Travis Goodman 0-0: Ball
1-0: Foul Ball, location: 2F
1-1: Swinging Strike
1-2: Foul Ball, location: 2F
1-2: Strikes out swinging
Batting: LHB Sam Latsch 0-0: Called Strike
0-1: SINGLE (Line Drive, 8LS, EV 95.6 MPH)
Matt Widman to third
James Woodard to second
Runner from 3rd tries for Home, SAFE, throw by CF to home
Batting: RHB Paolo Couvreur 0-0: Called Strike
0-1: Ball
1-1: Foul Ball, location: 2RF
1-2: Foul Ball, location: 9LSF
1-2: Ball
2-2: Strikes out swinging
Batting: RHB Sean Cynar 0-0: Ball
1-0: Ball
2-0: Ball
3-0: Foul Ball, location: 23F
3-1: Base on Balls
James Woodard to third
Sam Latsch to second
Batting: RHB Shawn Spence 0-0: Ball
1-0: Called Strike
1-1: Fly out, F8 (Flyball, 8RXD, EV 98.8 MPH)
Top of the 3rd over - 1 run, 2 hits, 0 errors, 3 left on base; Quad Cities 4 - Clinton 1
BOTTOM OF THE 3RD
Clinton LumberKings batting - Pitching for Quad Cities River Bandits : RHP Aidan Jennings
Batting: LHB Carlos Rivera 0-0: Ball
1-0: Ball
2-0: Ball
3-0: Base on Balls
Batting: LHB Tommy Dwyer 0-0: Fly out, F6 (Popup, 6, EV 70.0 MPH)
Batting: RHB John Ramirez 0-0: SINGLE (Groundball, 34D, EV 103.1 MPH)
Carlos Rivera to second
Runner from 2nd tries for 3rd, SAFE, no throw by RF
Batting: LHB Phil Campbell 0-0: Foul Ball, location: 9LDF
0-1: Ball
John Ramirez steals 2nd base
1-1: Ground out 1-3 (Groundball, 13S, EV 71.9 MPH)
Batting: RHB Justin Coppola 0-0: Ball
1-0: Ground out U3 (Groundball, 3, EV 85.6 MPH)
Bottom of the 3rd over - 0 runs, 1 hit, 0 errors, 2 left on base; Quad Cities 4 - Clinton 1
TOP OF THE 4TH
Quad Cities River Bandits batting - Pitching for Clinton LumberKings : RHP Brent Hitchcock
Batting: RHB Danny Malave 0-0: Ground out U3 (Groundball, 13, EV 86.9 MPH)
Batting: RHB Alex Romero 0-0: Called Strike
0-1: Ball
1-1: Ball
2-1: Ball
3-1: Foul Ball, location: 2F
3-2: Base on Balls
Batting: RHB Matt Widman 0-0: Called Strike
0-1: Ball
1-1: Ball
2-1: Swinging Strike
2-2: Ball
3-2: Base on Balls
Alex Romero to second
Batting: RHB James Woodard 0-0: Called Strike
0-1: Foul Ball, location: 9LMF
0-2: SINGLE (Line Drive, 9S, EV 89.4 MPH)
Alex Romero to third
Matt Widman to second
Batting: RHB Travis Goodman 0-0: Called Strike
0-1: Ball
1-1: Ball
2-1: Ball
3-1: Foul Ball, location: 2F
3-2: SINGLE (Groundball, 6, EV 86.9 MPH) (infield hit)
Alex Romero scores
Matt Widman to third
James Woodard to second
Pitching: RHP Blake Kubler
Batting: LHB Sam Latsch 0-0: Ball
1-0: Swinging Strike
1-1: SINGLE (Groundball, 34, EV 103.8 MPH)
Matt Widman scores
James Woodard to third
Travis Goodman to second
Batting: RHB Paolo Couvreur 0-0: Called Strike
0-1: Ball
1-1: Ball
2-1: Swinging Strike
2-2: Strikes out swinging
Batting: RHB Sean Cynar 0-0: Ball
1-0: Foul Ball, location: 9LMF
1-1: Ball
2-1: Swinging Strike
2-2: Strikes out swinging
Top of the 4th over - 2 runs, 3 hits, 0 errors, 3 left on base; Quad Cities 6 - Clinton 1
BOTTOM OF THE 4TH
Clinton LumberKings batting - Pitching for Quad Cities River Bandits : RHP Aidan Jennings
Batting: RHB Nate Taylor 0-0: Ground out 6-3 (Groundball, 6S, EV 92.5 MPH)
Batting: LHB Nate Sheehy 0-0: Ball
1-0: Called Strike
1-1: DOUBLE (Groundball, 3L, EV 96.9 MPH)
Batting: RHB Ben Janis 0-0: Ball
1-0: Swinging Strike
1-1: Ball
2-1: Ball
3-1: Foul Ball, location: 23F
3-2: Strikes out looking
Batting: SHB Braeden Wilson 0-0: Ball
1-0: Called Strike
1-1: Ball
2-1: Swinging Strike
2-2: Ball
3-2: SINGLE (Groundball, 34D, EV 105.6 MPH)
Nate Sheehy to third
Runner from 3rd tries for Home, SAFE, throw by RF to home
Batting: LHB Carlos Rivera 0-0: SINGLE (Groundball, 6MD, EV 98.1 MPH)
Braeden Wilson to second
Runner from 2nd tries for 3rd, SAFE, no throw by CF
Batting: LHB Tommy Dwyer 0-0: Swinging Strike
0-1: SINGLE (Line Drive, 78M, EV 99.4 MPH)
Braeden Wilson scores
Carlos Rivera to second
Batting: RHB John Ramirez 0-0: Called Strike
0-1: Ball
1-1: Ball
2-1: Swinging Strike
2-2: Ball
3-2: Strikes out swinging
Bottom of the 4th over - 2 runs, 4 hits, 0 errors, 2 left on base; Quad Cities 6 - Clinton 3
TOP OF THE 5TH
Quad Cities River Bandits batting - Pitching for Clinton LumberKings : RHP Blake Kubler
Batting: RHB Shawn Spence 0-0: Called Strike
0-1: Ball
1-1: Called Strike
1-2: Foul Ball, location: 2F
1-2: Ball
2-2: Ball
3-2: Foul Ball, location: 5FF
3-2: Foul Ball, location: 3F
3-2: Strikes out swinging
Batting: RHB Danny Malave 0-0: Foul Ball, location: 3F
0-1: Called Strike
0-2: SINGLE (Groundball, 34D, EV 101.9 MPH)
Batting: RHB Alex Romero 0-0: Fly out, F7 (Flyball, 7, EV 86.3 MPH)
Batting: RHB Matt Widman 0-0: Called Strike
0-1: Ball
1-1: Foul Ball, location: 5F
1-2: Ball
2-2: Ball
3-2: Base on Balls
Danny Malave to second
Batting: RHB James Woodard 0-0: Ball
1-0: Ball
2-0: Ball
3-0: Base on Balls
Danny Malave to third
Matt Widman to second
Batting: RHB Travis Goodman 0-0: Ball
1-0: Foul Ball, location: 2F
1-1: Ball
2-1: Foul Ball, location: 25FF
2-2: Foul Ball, location: 9LSF
2-2: Foul Ball, location: 3FF
2-2: Ball
3-2: Strikes out swinging
Top of the 5th over - 0 runs, 1 hit, 0 errors, 3 left on base; Quad Cities 6 - Clinton 3
BOTTOM OF THE 5TH
Clinton LumberKings batting - Pitching for Quad Cities River Bandits : RHP Aidan Jennings
Batting: LHB Phil Campbell 0-0: Called Strike
0-1: Foul Ball, location: 3F
0-2: Foul Ball, location: 3F
0-2: Foul Ball, location: 2F
0-2: Ball
1-2: Ball
2-2: Foul Ball, location: 9LSF
2-2: Foul Ball, location: 7LMF
2-2: Ground out 6-3 (Groundball, 6, EV 86.3 MPH)
Batting: RHB Justin Coppola 0-0: Swinging Strike
0-1: Fly out, F8 (Flyball, 8RD, EV 109.4 MPH)
Batting: RHB Nate Taylor 0-0: Ball
1-0: SINGLE (Flyball, 6D, EV 91.3 MPH)
Batting: LHB Nate Sheehy 0-0: Swinging Strike
0-1: Ball
1-1: SINGLE (Line Drive, 7S, EV 100.6 MPH)
Nate Taylor to second
Batting: RHB Ben Janis 0-0: Ball
1-0: Foul Ball, location: 2F
1-1: Ball
2-1: Called Strike
2-2: Ball
3-2: Strikes out swinging
Bottom of the 5th over - 0 runs, 2 hits, 0 errors, 2 left on base; Quad Cities 6 - Clinton 3
TOP OF THE 6TH
Quad Cities River Bandits batting - Pitching for Clinton LumberKings : RHP Blake Kubler
Batting: LHB Sam Latsch 0-0: Foul Ball, location: 7LSF
0-1: Ball
1-1: Ball
2-1: Ball
3-1: Foul Ball, location: 5SF
3-2: Strikes out swinging
Batting: RHB Paolo Couvreur 0-0: DOUBLE (Line Drive, 8LXD, EV 102.5 MPH)
Pitching: RHP Miles Poore
Batting: RHB Sean Cynar 0-0: Foul Ball, location: 2F
0-1: Foul Ball, location: 23F
0-2: Foul Ball, location: 2F
0-2: Strikes out swinging, 2-3 out at first.
Batting: RHB Shawn Spence 0-0: Ball
1-0: Foul Ball, location: 23F
1-1: Ball
2-1: Swinging Strike
2-2: Foul Ball, location: 2F
2-2: Ground out 4-3 (Groundball, 4, EV 96.3 MPH)
Top of the 6th over - 0 runs, 1 hit, 0 errors, 1 left on base; Quad Cities 6 - Clinton 3
BOTTOM OF THE 6TH
Clinton LumberKings batting - Pitching for Quad Cities River Bandits : RHP Aidan Jennings
Batting: SHB Braeden Wilson 0-0: Ball
1-0: Called Strike
1-1: Ball
2-1: SINGLE (Groundball, 6MD, EV 102.5 MPH)
Pitching: RHP Dario Gomez
Batting: LHB Carlos Rivera 0-0: Ball
1-0: DOUBLE (Flyball, 8RXD, EV 105.6 MPH)
Braeden Wilson to third
Batting: LHB Tommy Dwyer 0-0: Ball
1-0: Swinging Strike
1-1: Swinging Strike
1-2: Ball
2-2: Foul Ball, location: 23F
2-2: Ball
3-2: 3-RUN HOME RUN (Flyball, 9D, EV 97.5 MPH), Distance : 397 ft
Batting: RHB John Ramirez 0-0: Called Strike
0-1: Ball
1-1: SINGLE (Line Drive, 4MD, EV 98.8 MPH)
Batting: LHB Phil Campbell 0-0: Called Strike
0-1: Ball
1-1: Foul Ball, location: 2F
1-2: Ball
2-2: Foul Ball, location: 9LSF
2-2: Strikes out looking
Batting: RHB Justin Coppola 0-0: Called Strike
0-1: Ball
John Ramirez steals 2nd base
1-1: Ball
2-1: Foul Ball, location: 2F
2-2: Ball
3-2: SINGLE (Groundball, 4MD, EV 98.8 MPH)
John Ramirez to third
Runner from 3rd tries for Home, SAFE, throw by CF to home
Batting: RHB Nate Taylor 0-0: Foul Ball, location: 9LDF
0-1: Swinging Strike
0-2: Strikes out looking
Batting: LHB Nate Sheehy 0-0: Called Strike
0-1: Fly out, F7 (Flyball, 78M, EV 84.4 MPH)
Bottom of the 6th over - 4 runs, 5 hits, 0 errors, 1 left on base; Quad Cities 6 - Clinton 7
TOP OF THE 7TH
Quad Cities River Bandits batting - Pitching for Clinton LumberKings : RHP Miles Poore
Now at 1B: Nate Taylor
Now at 2B: Willie Barrela
Now at 3B: Braeden Wilson
Batting: RHB Danny Malave 0-0: Foul Ball, location: 7LMF
0-1: Ball
1-1: Called Strike
1-2: Foul Ball, location: 2F
1-2: Ball
2-2: Ground out 4-3 (Groundball, 4MD, EV 107.5 MPH)
Batting: RHB Alex Romero 0-0: Ball
1-0: Foul Ball, location: 2F
1-1: Ball
2-1: Swinging Strike
2-2: Ball
3-2: Base on Balls
Batting: RHB Matt Widman 0-0: Ball
1-0: Called Strike
1-1: Ball
2-1: Called Strike
2-2: Foul Ball, location: 9LMF
2-2: Fly out, F8 (Flyball, 8LD, EV 103.1 MPH)
Batting: RHB James Woodard 0-0: Ball
1-0: Fly out, F8 (Flyball, 8LD, EV 85.0 MPH)
Top of the 7th over - 0 runs, 0 hits, 0 errors, 1 left on base; Quad Cities 6 - Clinton 7
BOTTOM OF THE 7TH
Clinton LumberKings batting - Pitching for Quad Cities River Bandits : RHP Dario Gomez
Pitching: RHP Sung-hyun Park
Batting: RHB Ben Janis 0-0: Swinging Strike
0-1: Foul Ball, location: 9LDF
0-2: Ball
1-2: Foul Ball, location: 9LSF
1-2: Fly out, F8 (Flyball, 89M, EV 86.3 MPH)
Batting: SHB Braeden Wilson 0-0: Ball
1-0: Ball
2-0: Called Strike
2-1: Foul Ball, location: 2F
2-2: Foul Ball, location: 7LDF
2-2: Strikes out swinging
Batting: LHB Carlos Rivera 0-0: Ball
1-0: Hit by Pitch
Batting: LHB Tommy Dwyer 0-0: Called Strike
Carlos Rivera steals 2nd base
0-1: Called Strike
0-2: Foul Ball, location: 7LSFF
0-2: Strikes out swinging
Bottom of the 7th over - 0 runs, 0 hits, 0 errors, 1 left on base; Quad Cities 6 - Clinton 7
TOP OF THE 8TH
Quad Cities River Bandits batting - Pitching for Clinton LumberKings : RHP Miles Poore
Pitching: RHP Nate Sharp
Now in LF: Tommy Dwyer
Now in CF: Chris Cervantes
Batting: RHB Travis Goodman 0-0: Ball
1-0: Ball
2-0: Called Strike
2-1: Ball
3-1: Base on Balls
Batting: LHB Sam Latsch 0-0: Fly out, F9 (Line Drive, 89D, EV 90.6 MPH)
Batting: RHB Paolo Couvreur 0-0: Grounds into double play, 6-4-3 (Groundball, 6, EV 91.9 MPH)
Top of the 8th over - 0 runs, 0 hits, 0 errors, 0 left on base; Quad Cities 6 - Clinton 7
BOTTOM OF THE 8TH
Clinton LumberKings batting - Pitching for Quad Cities River Bandits : RHP Sung-hyun Park
Batting: RHB Willie Barrela 0-0: Swinging Strike
0-1: Foul Ball, location: 2F
0-2: Ball
1-2: Ball
2-2: Strikes out swinging
Batting: LHB Phil Campbell 0-0: Ball
1-0: Swinging Strike
1-1: Called Strike
1-2: Strikes out swinging
Batting: RHB Justin Coppola 0-0: Foul Ball, location: 2F
0-1: Ball
1-1: SINGLE (Groundball, 4MD, EV 101.3 MPH)
Batting: RHB Nate Taylor 0-0: Ball
1-0: Swinging Strike
1-1: Ball
2-1: Called Strike
2-2: Strikes out swinging
Bottom of the 8th over - 0 runs, 1 hit, 0 errors, 1 left on base; Quad Cities 6 - Clinton 7
TOP OF THE 9TH
Quad Cities River Bandits batting - Pitching for Clinton LumberKings : RHP Nate Sharp
Batting: RHB Sean Cynar 0-0: Swinging Strike
0-1: Called Strike
0-2: Foul Ball, location: 9LMF
0-2: Strikes out swinging
Pinch Hitting: LHB Aaron Hudson 0-0: Called Strike
0-1: Ball
1-1: Ball
2-1: Ground out U3 (Groundball, 3, EV 103.1 MPH)
Batting: RHB Danny Malave 0-0: Ball
1-0: Foul Ball, location: 2F
1-1: Foul Ball, location: 2F
1-2: Strikes out swinging
Top of the 9th over - 0 runs, 0 hits, 0 errors, 0 left on base; Quad Cities 6 - Clinton 7
Sunday, April 14th , 2024 - OOTP Baseball 24.11 Build 85